 Dungeon Crawl Stone Soup version 0.19.5 (webtiles) character file.

3263 miragecloak the Fighter (level 9, 0/89 HPs)
             Began as a Minotaur Fighter on Apr 12, 2017.
             Was an Elder of Okawaru.
             Slain by a hill giant
             ... wielding a +0 giant spiked club
              (21 damage)
             ... on level 9 of the Dungeon.
             The game lasted 00:20:08 (6504 turns).

miragecloak the Fighter (Minotaur Fighter)          Turns: 6504, Time: 00:20:10

Health: 0/89       AC: 12    Str: 20    XL:     9   Next: 68%
Magic:  8/8        EV:  8    Int:  5    God:    Okawaru [****..]
Gold:   241        SH: 13    Dex: 14    Spells: 0 memorised, 8 levels left

rFire  . . .     SeeInvis .     y - +1 flail (venom)
rCold  . . .     Gourm    .     b - +0 scale mail
rNeg   . . .     Faith    .     c - +0 shield
rPois  .         Spirit   .     (helmet restricted)
rElec  .         Reflect  +     L - +0 cloak
rCorr  .         Harm     .     M - +0 pair of gloves
MR     .....                    (no boots)
Stlth  ..........               j - +2 amulet of reflection
                                R - ring of loudness (curse)
                                X - +3 ring of protection

@: drained
A: retaliatory headbutt, horns 2, regeneration 1
a: Heroism, Renounce Religion


You were on level 9 of the Dungeon.
You worshipped Okawaru.
Okawaru was greatly pleased with you.
You were hungry.

You visited 1 branch of the dungeon, and saw 9 of its levels.
You also visited: Sewer.

You collected 461 gold pieces.
You spent 220 gold pieces at shops.

Inventory:

Hand Weapons
 y - a +1 flail of venom (weapon)
 K - a +2 dire flail of protection
Missiles
 o - a throwing net (quivered)
Armour
 b - a +0 scale mail (worn)
 c - a +0 shield (worn)
 L - a +0 cloak (worn)
 M - a +0 pair of gloves (worn)
Jewellery
 j - a +2 amulet of reflection (around neck)
 l - an uncursed ring of stealth
 R - a cursed ring of loudness (right hand)
 X - a +3 ring of protection (left hand)
Wands
 w - a wand of iceblast (6/15)
 E - a wand of lightning (5/15)
 O - a wand of iceblast (9/15)
 P - a wand of iceblast (7/15)
 V - a wand of random effects (15/48)
Scrolls
 a - a scroll of enchant armour {unknown}
 e - a scroll of immolation
 h - 3 scrolls of recharging {unknown}
 i - 12 scrolls of identify {unknown}
 k - 4 scrolls of noise {unknown}
 q - 6 scrolls of remove curse {unknown}
 r - 3 scrolls of blinking {unknown}
 v - a scroll of amnesia {unknown}
 F - a scroll of fog {unknown}
 G - 2 scrolls of random uselessness {unknown}
 N - 2 scrolls of magic mapping {unknown}
 S - a scroll of teleportation {unknown}
Potions
 d - 3 potions of might
 m - 7 potions of curing {unknown}
 p - a potion of ambrosia {unknown}
 s - a potion of flight {unknown}
 u - a potion of mutation {unknown}
 x - 5 potions of brilliance {unknown}
 z - a potion of degeneration {unknown}
 B - a potion of magic {unknown}
 C - 3 potions of agility {unknown}
 D - 4 potions of heal wounds {unknown}
 H - a potion of cancellation {unknown}
 I - a potion of resistance {unknown}
Books
 J - a book of Callings

   Spells                             Type                      Level
   a - Summon Small Mammal            Summoning                    1
   b - Call Imp                       Summoning                    2
   c - Call Canine Familiar           Summoning                    3
   d - Summon Guardian Golem          Hexes/Summoning              3
   e - Summon Lightning Spire         Summoning/Air                4
   f - Summon Ice Beast               Ice/Summoning                4
 T - a book of Changes

   Spells                             Type                      Level
   a - Beastly Appendage              Transmutation                1
   b - Sticks to Snakes               Transmutation                2
   c - Spider Form                    Transmutation/Poison         3
   d - Ice Form                       Ice/Transmutation            4
   e - Blade Hands                    Transmutation                5
 U - a book of Misfortune

   Spells                             Type                      Level
   a - Confusing Touch                Hexes                        1
   b - Confuse                        Hexes                        3
   c - Gell's Gravitas                Hexes/Translocation          3
   d - Petrify                        Transmutation/Earth          4
   e - Metabolic Englaciation         Hexes/Ice                    5
   f - Yara's Violent Unravelling     Hexes/Transmutation          5
Comestibles
 f - 9 bread rations
 g - a royal jelly
 n - 2 meat rations
 t - 6 fruits
 A - 4 beef jerkies
 Q - 8 slices of pizza
 W - 2 chunks of flesh


   Skills:
 + Level 11.1(11.0) Fighting
 - Level 10.4(10.3) Maces & Flails
 - Level 3.6(3.5) Armour
 - Level 8.0 Shields


You had 8 spell levels left.
You didn't know any spells.

Dungeon Overview and Level Annotations

Branches:
Dungeon (10/15)
 Temple: D:4-7         Lair: D:8-11         Orc: D:9-12

Altars:
Cheibriados
Dithmenos
Gozag
Kikubaaqudgha
Makhleb
Nemelex Xobeh
Okawaru
Ru
Sif Muna
Uskayaw

Shops:
D:5 }   D:6 ?   D:7 [

Annotations:
D:7 shopwithgoodchest740


Innate Abilities, Weirdness & Mutations

You reflexively headbutt those who attack you in melee.
You have a pair of horns on your head.
Your natural rate of healing is unusually fast.


Message History

The killer bee is poisoned.
The killer bee stings you. You block the hill giant's attack.
The killer bee stings you but does no damage.
You miss the killer bee.
You headbutt the killer bee, but do no damage.
The killer bee is moderately wounded.
You block the killer bee's attack.
The hill giant hits you with a giant spiked club!!
* * * LOW HITPOINT WARNING * * *
You barely miss the killer bee.
The killer bee is moderately wounded.
You block the killer bee's attack. The killer bee stings you.
* * * LOW HITPOINT WARNING * * *
You hit the killer bee.
The killer bee looks as sick as possible!
Your headbutt misses the killer bee.
The killer bee is severely wounded.
The killer bee stings you but does no damage.
The hill giant hits you with a giant spiked club!!
You die... # ##########.^# .%....C@y...# ###########.#

You could see a hill giant and a killer bee.

Vanquished Creatures
  An unseen horror (D:10)
  4 hogs (D:7)
  A human (D:7)
  Edmund (D:5)
  Menkaure (D:5)
  An orc warrior (D:5)
  A sky beast (D:4)
  A phantom (D:5)
  2 ogres
  2 centaurs
  2 big kobolds (Sewer)
  A bullfrog (D:6)
  2 crimson imps
  3 hounds
  A gnoll shaman (D:6)
  An orc priest (D:6)
  A bullfrog skeleton (D:6)
  A centaur skeleton (D:5)
  An iguana (D:6)
  7 orc wizards
  6 worker ants
  5 gnolls (D:6)
  10 adders
  7 river rats
  4 oozes
  An adder skeleton (D:6)
  3 worms
  4 leopard geckos
  20 orcs
  6 ball pythons
  6 giant cockroaches
  6 goblins
  4 hobgoblins
  6 jackals
  15 kobolds
  4 quokkas
  6 bats
  9 frilled lizards
  A leopard gecko skeleton (D:5)
  A quokka skeleton (D:7)
  44 rats
203 creatures vanquished.

Notes
Turn   | Place    | Note
-------+----------+-------------------------------------------
     0 | D:1      | miragecloak the Minotaur Fighter began the quest for the Orb.
     0 | D:1      | Reached XP level 1. HP: 19/19 MP: 0/0
   174 | D:1      | Reached XP level 2. HP: 14/26 MP: 1/1
  1190 | D:1      | Reached XP level 3. HP: 20/31 MP: 2/2
  1452 | D:2      | Found an iron altar of Okawaru.
  1454 | D:2      | Found a snail-covered altar of Cheibriados.
  1456 | D:2      | Found a shadowy altar of Dithmenos.
  1458 | D:2      | Found an ancient bone altar of Kikubaaqudgha.
  1459 | D:2      | Found a sparkling altar of Nemelex Xobeh.
  1493 | D:2      | Became a worshipper of Warmaster Okawaru
  1637 | D:2      | Reached skill level 5 in Maces & Flails
  2085 | D:3      | Reached XP level 4. HP: 26/39 MP: 3/3
  2401 | D:3      | Reached skill level 5 in Shields
  2642 | D:3      | Reached XP level 5. HP: 45/46 MP: 4/4
  2817 | D:3      | Reached skill level 4 in Fighting
  3223 | D:4      | Reached * piety under Okawaru
  3250 | D:4      | Found a glowing drain.
  3270 | Sewer    | Entered a sewer
  3509 | Sewer    | Reached XP level 6. HP: 38/52 MP: 5/5
  3939 | D:4      | Reached XP level 7. HP: 59/59 MP: 6/6
  4133 | D:4      | Found an opulent altar of Gozag.
  4151 | D:4      | Found a deep blue altar of Sif Muna.
  4242 | D:5      | Entered Level 5 of the Dungeon
  4242 | D:5      | Found Qesuw's Gadget Emporium.
  4269 | D:4      | Gained mutation: Your natural rate of healing is unusually fast. [mutagenic meat]
  4290 | D:5      | Noticed Menkaure
  4296 | D:5      | Killed Menkaure
  4296 | D:5      | Reached ** piety under Okawaru
  4385 | D:5      | Reached skill level 10 in Maces & Flails
  4459 | D:5      | Found a sacrificial altar of Ru.
  4483 | D:5      | Reached XP level 8. HP: 61/66 MP: 7/7
  4529 | D:5      | Noticed Edmund
  4542 | D:5      | Killed Edmund
  4578 | D:5      | Found a hide-covered altar of Uskayaw.
  4664 | D:5      | Reached *** piety under Okawaru
  4961 | D:6      | Reached skill level 5 in Fighting
  5015 | D:6      | Found Quod's Magic Scroll Shop.
  5134 | D:5      | HP: 3/68 [orc warrior/mace (11)]
  5135 | D:5      | HP: 1/68 [orc warrior/mace (3)]
  5337 | D:6      | Reached skill level 6 in Fighting
  5797 | D:6      | Reached skill level 7 in Fighting
  5939 | D:6      | Bought a scroll of brand weapon for 220 gold pieces
  6021 | D:7      | Found Zatew's Armour Shoppe.
  6121 | D:7      | Reached XP level 9. HP: 70/80 MP: 8/8
  6128 | D:7      | Reached **** piety under Okawaru
  6128 | D:7      | Reached skill level 8 in Fighting
  6140 | D:7      | Reached skill level 9 in Fighting
  6185 | D:7      | Found a burning altar of Makhleb.
  6401 | D:7      | You fall through a shaft for 3 floors!
  6401 | D:10     | Entered Level 10 of the Dungeon
  6445 | D:10     | Killed an unseen horror
  6445 | D:10     | Reached skill level 10 in Fighting
  6477 | D:10     | Reached skill level 11 in Fighting
  6494 | D:10     | Noticed a hill giant
  6504 | D:9      | Slain by a hill giant

Skill      XL: |  1  2  3  4  5  6  7  8  9 |
---------------+----------------------------+-----
Maces & Flails | 3 4 5 6 8 10 | 10.4
Shields        | 5 8 |  8.0
Fighting       | 4 7 11 | 11.1
Armour         | |  3.6

Action                   |  1- 3 |  4- 6 |  7- 9 || total
-------------------------+-------+-------+-------++-------
Melee: Flail             |   125 |   226 |   271 ||   622
       Headbutt          |    12 |    37 |    52 ||   101
  Use: Scroll            |       |       |     2 ||     2
  Eat: Chunk             |     4 |     6 |     9 ||    19
Armor: Scale mail        |    52 |   113 |    87 ||   252
Dodge: Dodged            |    48 |    76 |    57 ||   181
Block: Shield            |    78 |   132 |   130 ||   340
       Reflection        |       |       |     2 ||     2
